 Dungeon Crawl Stone Soup version 0.28-a0-769-g550dbda0cd (webtiles) character file.

Game seed: 4401827969758762160

96 KoroneIsBestGirl the Skirmisher (level 4, -7/31 HPs)
             Began as an Octopode Fighter on Oct 31, 2021.
             Was a Follower of Okawaru.
             Killed by divine providence
             ... invoked by an orc priest
              (12 damage)
             ... on level 3 of the Dungeon.
             The game lasted 00:01:12 (2016 turns).

KoroneIsBestGirl the Skirmisher (Octopode Fighter)  Turns: 2016, Time: 00:01:13

Health: -7/31      AC:  1    Str: 16    XL:     4   Next: 67%
Magic:  2/4        EV: 16    Int: 10    God:    Okawaru [*.....]
Gold:   68         SH:  6    Dex: 11    Spells: 3/3 levels left

rFire   . . .      SeeInvis .   a - +0 trident
rCold   . . .      Faith    .   b - +0 buckler
rNeg    . . .      Spirit   .   (helmet restricted)
rPois   .          Reflect  .   (no amulet)
rElec   .          Harm     .   (no ring)
rCorr   .          Rampage  .   (no ring)
Will    .....                   (no ring)
Stlth   ++++......              (no ring)
HPRegen 0.10/turn               (no ring)
MPRegen 0.09/turn               (no ring)
                                (no ring)
                                (no ring)

@: heroic
A: almost no armour, amphibious, 8 rings, camouflage 1, gelatinous body 1,
(nimble swimmer 1), tentacles
a: Renounce Religion, Heroism


You were on level 3 of the Dungeon.
You worshipped Okawaru.
Okawaru was aware of your devotion.
You visited 1 branch of the dungeon, and saw 3 of its levels.

You collected 68 gold pieces.

Inventory:

Hand Weapons
 a - a +0 trident (weapon)
Armour
 b - a +0 buckler (worn)
Scrolls
 f - a scroll of identify {unknown}
 g - a scroll of enchant armour {unknown}
 h - a scroll of teleportation {unknown}
Potions
 c - a potion of might
 d - a potion of ambrosia {unknown}
 e - a potion of lignification {unknown}
 i - a potion of flight {unknown}


   Skills:
 + Level 3.4(8.4) Fighting
 + Level 3.3(8.3) Polearms
 + Level 3.3(8.3) Dodging
 + Level 2.2(7.2) Stealth
 + Level 3.2(8.2) Shields


You had 3 spell levels left.
You didn't know any spells.
Your spell library was empty.

Dungeon Overview and Level Annotations

Branches:
Dungeon (3/15)

Altars:
Okawaru


Innate Abilities, Weirdness & Mutations

You cannot wear most types of armour.
You are amphibious.
You can wear up to eight rings at the same time.
Your skin changes colour to match your surroundings (Stealth+).
Your rubbery body absorbs attacks. (AC +1, EV +1)
((You are camouflaged near water. (Stealth+)))
You have tentacles for arms and can constrict up to eight enemies at once.


Message History

The orc wizard is moderately wounded.
The orc wizard hits you with a +1 dagger of venom.
You are poisoned.
You hit the orc wizard. Your grab misses the orc wizard.
The orc wizard is severely wounded.
You feel sick.
The orc wizard casts a spell.
The orc wizard flickers and vanishes!
Deactivating autopickup; reactivate with Ctrl-A.
The orc priest hits you with a +0 mace. The orc barely misses you.
Something hits you.
You feel sick. The orc barely misses you.
You feel sick. The orc hits you with a +0 mace.
* * * LOW HITPOINT WARNING * * *
You gain the combat prowess of a mighty hero.
You feel sick. You block the orc's attack.
You closely miss the orc. Your grab misses the orc.
Your squeeze misses the orc.
You feel sick. The orc completely misses you.
You barely miss the orc. You grab the orc.
You constrict the orc, but do no damage.
You feel sick.
You hit the orc but do no damage. You constrict the orc.
You feel sick.
You are no longer poisoned.
You block the orc's attack.
The orc priest looks satisfied for a moment.
You puncture the orc!
You kill the orc!
Okawaru accepts your kill.
You miss something. Your squeeze misses something.
Something hits you but does no damage.
You puncture something! Okawaru accepts your kill.
Reactivating autopickup.
You feel a bit more experienced.
Your base Polearms skill increases to level 3!
You closely miss the orc priest. You grab the orc priest.
You constrict the orc priest.
The orc priest mumbles some strange prayers to Beogh against you.
Beogh smites you!
You die...

###.##.###.......## ##.##.#
#####...#.##.........####...#.#
<..........'.........'........#
#####...#.##.........####...#.#
##.##.###.......## ##.##.#
####.# ##.....## ####.# #.#
##...## #.# ..# ##'## #.# ###
#@# #.# #######o### #.#
.........)# .##..#....#
#.......# #..#....# ...#.#...#
.##..#..... # . ....##


You could see an orc priest.

Vanquished Creatures
  An orc wizard (D:3)
  An adder (D:2)
  A worm (D:2)
  2 dart slugs
  2 orcs (D:3)
  5 ball pythons
  4 bats
  An endoplasm (D:1)
  2 giant cockroaches (D:1)
  4 hobgoblins
  6 jackals (D:2)
  5 kobolds
  2 quokkas (D:1)
  2 frilled lizards
  8 goblins
  6 rats
52 creatures vanquished.

Notes
Turn   | Place    | Note
-------+----------+-------------------------------------------
     0 | D:1      | KoroneIsBestGirl the Octopode Fighter began the quest for
                  | the Orb.
     0 | D:1      | Reached XP level 1. HP: 16/16 MP: 1/1
    36 | D:1      | Found a faded altar of an unknown god.
    47 | D:1      | Reached XP level 2. HP: 20/21 MP: 2/2
    61 | D:1      | Prayed at the altar of an unknown god.
    61 | D:1      | Became a worshipper of Warmaster Okawaru
    61 | D:1      | Reached * piety under Okawaru
   449 | D:1      | Reached XP level 3. HP: 26/26 MP: 3/3
   456 | D:1      | Reached skill level 1 in Stealth
  1732 | D:2      | Reached XP level 4. HP: 30/31 MP: 4/4
  2016 | D:3      | Killed from afar by an orc priest

Illustrated notes

Levels and vault maps discovered:
D:1:      ebering_trefoil_twist, layout_basic, chequers_ecumenical_altar_island
D:2:      layout_basic, serial_curves, eino_curves_04, eino_curves_04,
          eino_curves_04, eino_curves_04
D:3:      layout_loops_corners

Skill      XL: |  1  2  3  4 |
---------------+-------------+-----
Stealth        | 2 |  2.2
Polearms       | 3 |  3.3
Fighting       | |  3.4
Dodging        | |  3.3
Shields        | |  3.2

Action                   |  1- 3 |  4- 6 || total
-------------------------+-------+-------++-------
Melee: Trident           |    91 |    16 ||   107
       Constrict         |    21 |     3 ||    24
       Tentacles         |    11 |     2 ||    13
Invok: Heroism           |       |     1 ||     1
 Stab: Sleeping          |    10 |     1 ||    11
Armor: Skin              |     3 |     1 ||     4
Dodge: Dodged            |    25 |     4 ||    29
Block: Buckler           |    15 |     4 ||    19

Table legend: (Time is in decaauts)
 A = Elapsed time spent in this place.
 B = Non-inter-level travel time spent in this place.
 C = Inter-level travel time spent in this place.
 D = Time resting spent in this place.
 E = Time spent auto-exploring this place.
 F = Levels seen in this place.
 G = Mean time per level.
                   A        B        C        D        E       F      G
               +--------+--------+--------+--------+--------+-----+--------+
         Total |   2036 |   1990 |     46 |      0 |   1706 |   3 |  678.7 |
       Dungeon |   2036 |   1990 |     46 |      0 |   1706 |   3 |  678.7 |
               +--------+--------+--------+--------+--------+-----+--------+

Top non-repeatable levels by time:
     D:1: 1004 daAuts
     D:2: 925 daAuts
     D:3: 106 daAuts
